 Dungeon Crawl Stone Soup version 0.31-a0-176-g91f28db67f (webtiles) character file.

Game seed: 4659895576793265400

115 qw the Chopper (level 5, -4/32 HPs)
             Began as a Gargoyle Fighter on June 17, 2023.
             Was an Initiate of Okawaru.
             Slain by an ogre
             ... wielding a +0 giant spiked club
              (10 damage)
             ... on level 4 of the Dungeon.
             The game lasted 00:01:24 (2559 turns).

qw the Chopper (Gargoyle Fighter)                   Turns: 2559, Time: 00:01:24

Health: -4/32      AC: 14    Str: 21    XL:     5   Next: 0%
Magic:  5/5        EV:  7    Int:  9    God:    Okawaru [......]
Gold:   146        SH:  4    Dex:  9    Spells: 4/4 levels left

rFire   . . .        Y - +1 war axe
rCold   . . .        c - +0 buckler
rNeg    + . .        g - +0 chain mail
rPois   inf          e - +0 helmet
rElec   +            (no cloak)
rCorr   .            (no gloves)
SInv    .            (no boots)
Will    .....        (no amulet) Stlth
                     (no ring)
HPRegen 0.25/turn    (no ring)
MPRegen 0.09/turn

%: no passive effects
@: no status effects
A: sickness immunity, AC +4, negative energy resistance 1, electricity
resistance, torment resistance 1, petrification resistance
a: Renounce Religion


You were on level 4 of the Dungeon.
You worshipped Okawaru.
Okawaru was noncommittal.
You visited 2 branches of the dungeon, and saw 5 of its levels.

You collected 146 gold pieces.


Innate Abilities, Weirdness & Mutations

You are immune to sickness and miasma.
Your stone body is resilient. (AC +4)
You are immune to poison.
You resist negative energy. (rN+)
You are resistant to electric shocks. (rElec)
You are resistant to unholy torment.
You are immune to petrification.


   Skills:
 - Level 3.2 Fighting
 + Level 4.5 Axes
 - Level 3.2 Armour
 - Level 3.2 Shields


You had 4 spell levels left.
You didn't know any spells.
Your spell library was empty.

Inventory:

Hand Weapons
 f - a +0 flail
 Y - a +1 war axe (weapon)
Armour
 c - a +0 buckler (worn)
 e - a +0 helmet (worn)
 g - a +0 chain mail (worn)
Jewellery
 b - a +6 ring of strength
 n - an amulet of guardian spirit
Scrolls
 a - a scroll of identify
Potions
 d - 3 potions of might
 i - a potion of haste
 o - a potion of attraction {unknown}
 q - a potion of magic {unknown}

Dungeon Overview and Level Annotations

Branches:
Dungeon (4/15)             Temple (1/1) D:4

Altars:
Ashenzari
Cheibriados
Elyvilon
Fedhas
Gozag
Makhleb
Okawaru
Qazlal
Ru
Sif Muna
Trog
Uskayaw
Wu Jian
Xom
Yredelemnul
Zin
The Shining One

Shops:
D:1 (

Annotations:
D:4 Ijyb


Message History

Your will is overpowered!
You are more confused.
Ijyb hits you but does no damage. Ijyb closely misses you.
Ijyb zaps a wand.
You resist with some effort. Ijyb barely misses you. Ijyb barely misses you.
Ijyb barely misses you.
You feel less confused.
An iguana comes into view.
The ogre barely misses you.
The iguana hisses angrily.
You hit the ogre.
The ogre is lightly wounded.
The ogre hits you with a +0 giant spiked club!
Ouch! That really hurt!
You slash the ogre!
The ogre is severely wounded.
The ogre hits you with a +0 giant spiked club!
2555 ||| DRINKING potion of heal wounds.
You feel much better.
You barely miss the ogre.
The ogre is severely wounded.
You closely miss the iguana. The ogre barely misses you. The iguana bites you!
You hit the ogre.
The ogre is severely wounded.
You hit the iguana. The iguana bites you. The ogre barely misses you.
You barely miss the ogre.
The ogre is severely wounded.
You slash the iguana! The iguana bites you.
The ogre hits you with a +0 giant spiked club.
The iguana barely misses you.
You closely miss the ogre.
The ogre is severely wounded.
You hit the iguana but do no damage. You block the iguana's attack.
The ogre hits you with a +0 giant spiked club!
You die...

. #.# . #.# #.
# #.# #. # #.#
#. # #.# #.##
### # #)# ..#
#.. # #.# #>#
#.# ####.#
#.###.#####
.....#
#...@l....#
#)####
#.###O###.#
..###########.#
g#
..............#
.#
#.###########.#
.# #.# #.# .#
#.# #.# .. #.#
#.# ## #.# #.#


You could see an ogre, Ijyb and an iguana.

Vanquished Creatures
  Robin (D:3)
  2 adders (D:3)
  A white imp (D:3)
  2 worms (D:3)
  A dart slug (D:2)
  6 bats
  11 endoplasms
  3 giant cockroaches (D:1)
  5 goblins
  6 hobgoblins
  7 kobolds
  3 quokkas
  10 ball pythons
  3 frilled lizards
  6 rats
67 creatures vanquished.

Notes
Turn   | Place    | Note
-------+----------+-------------------------------------------
     0 | D:1      | qw the Gargoyle Fighter began the quest for the Orb.
     0 | D:1      | Reached XP level 1. HP: 14/14 MP: 1/1
     0 | D:1      | 0 ||| qw: Version: 0.3-a-5-g6f28e65
     0 | D:1      | 0 ||| qw: Game counter: 465
     0 | D:1      | 0 ||| qw: Always use a shield: true
     0 | D:1      | 0 ||| qw: God list: Okawaru
     0 | D:1      | 0 ||| qw: Allow faded altars: false
     0 | D:1      | 0 ||| qw: Do Orc after D:15 true
     0 | D:1      | 0 ||| qw: Do second Lair branch before Depths: true
     0 | D:1      | 0 ||| qw: Lair rune preference: random
     0 | D:1      | 0 ||| qw: Plans: Normal, Zot:1-4, Slime:5, God:TSO, Crypt,
                  | Tomb, Abyss, Pan, Hells, Win
     0 | D:1      | 0 ||| PLANNING D:1-11
   131 | D:1      | Reached skill level 2 in Axes
   225 | D:1      | Found Isuf's Antique Weapon Emporium.
   233 | D:1      | 233 ||| SHOPLISTING club (24 gold, have 17).
   233 | D:1      | 233 ||| SHOPLISTING mace (72 gold, have 17).
   233 | D:1      | 233 ||| SHOPLISTING runed war axe (156 gold, have 17).
   261 | D:1      | Reached XP level 2. HP: 19/19 MP: 2/2
   483 | D:1      | Reached skill level 3 in Axes
   689 | D:1      | 689 ||| UPGRADING to +0 helmet.
   694 | D:1      | 694 ||| READING 2 scrolls labelled HEGIYR RAETWAPT.
   695 | D:1      | 695 ||| DRINKING 2 sedimented clear potions.
   696 | D:1      | 696 ||| DROPPING potion of brilliance.
   764 | D:2      | Reached XP level 3. HP: 23/23 MP: 3/3
  1325 | D:2      | 1325 ||| UPGRADING to amulet of guardian spirit.
  1330 | D:2      | 1330 ||| READING scroll labelled HAYNAT NUASA.
  1331 | D:2      | 1331 ||| READING scroll labelled VOEBRA TAGOOPS.
  1332 | D:2      | 1332 ||| READING scroll labelled XUOMIS OFATI.
  1333 | D:2      | 1333 ||| READING scroll labelled GAMYZ QOCHI.
  1334 | D:2      | 1334 ||| READING scroll labelled TUMUFIU VINOCH.
  1335 | D:2      | 1335 ||| DRINKING 2 murky golden potions.
  1336 | D:2      | 1336 ||| READING 3 scrolls of identify.
  1336 | D:2      | 1336 ||| IDENTIFYING amethyst potion
  1337 | D:2      | 1337 ||| READING 2 scrolls of identify.
  1337 | D:2      | 1337 ||| IDENTIFYING purple potion
  1338 | D:2      | 1338 ||| DROPPING potion of berserk rage.
  1392 | D:3      | Noticed Robin
  1404 | D:3      | Killed Robin
  1405 | D:3      | Reached XP level 4. HP: 25/28 MP: 4/4
  1436 | D:3      | 1436 ||| DROPPING +0 whip.
  1466 | D:3      | Reached skill level 4 in Axes
  1645 | D:3      | 1645 ||| Stepping ~*~*~tactically~*~*~ (stealth).
  1649 | D:3      | 1649 ||| Stepping ~*~*~tactically~*~*~ (hiding).
  1866 | D:3      | 1866 ||| Stepping ~*~*~tactically~*~*~ (hiding).
  2137 | D:3      | 2137 ||| UPGRADING to +0 chain mail.
  2147 | D:3      | 2147 ||| DROPPING +0 scale mail.
  2148 | D:3      | 2148 ||| READING scroll labelled UPREOMPOCU.
  2153 | D:3      | 2153 ||| READING 2 scrolls of identify.
  2153 | D:3      | 2153 ||| IDENTIFYING fuming purple potion
  2200 | D:4      | Found a staircase to the Ecumenical Temple.
  2201 | D:4      | 2201 ||| PLANNING TEMPLE
  2208 | Temple   | Entered the Ecumenical Temple
  2270 | Temple   | 2270 ||| PLANNING OKAWARU WORSHIP
  2371 | Temple   | Became a worshipper of Warmaster Okawaru
  2372 | Temple   | 2372 ||| PLANNING D:1-11
  2372 | Temple   | 2372 ||| REMOVING amulet of guardian spirit.
  2493 | D:4      | 2493 ||| FLEEEEING.
  2494 | D:4      | 2494 ||| FLEEEEING.
  2495 | D:4      | 2495 ||| FLEEEEING.
  2496 | D:4      | 2496 ||| FLEEEEING.
  2499 | D:4      | Reached XP level 5. HP: 30/32 MP: 5/5
  2506 | D:4      | 2506 ||| DROPPING +0 mace.
  2525 | D:4      | Noticed Ijyb
  2525 | D:4      | Noticed an ogre
  2526 | D:4      | 2526 ||| Stepping ~*~*~tactically~*~*~ (hiding).
  2534 | D:4      | 2534 ||| DRINKING potion of curing.
  2534 | D:4      | 2534 ||| (to cure confusion)
  2554 | D:4      | HP: 7/32 [ogre/+0 giant spiked club (9)]
  2555 | D:4      | 2555 ||| DRINKING potion of heal wounds.
  2559 | D:4      | Slain by an ogre

Levels and vault maps discovered:
D:1:      minmay_arrival_glassed_features, layout_basic, serial_shops,
          nicolae_square_shop
D:2:      layout_rooms
D:3:      layout_loops_ring, uniq_robin
D:4:      layout_loops_ring, mainiacjoe_overflow_swirl,
          minmay_temple_entry_gardened_gates, uniq_ijyb
Temple:   nicolae_temple_bog_church

Skill      XL: |  1  2  3  4 |
---------------+-------------+-----
Axes           | 2 3 4 |  4.5
Fighting       | |  3.2
Armour         | |  3.2
Shields        | |  3.2

Action                     |  1- 3 |  4- 6 || total
---------------------------+-------+-------++-------
  Melee: War axe           |   117 |    75 ||   192
    Use: Scroll            |     8 |     2 ||    10
         Potion            |     2 |     2 ||     4
 Armour: Scale mail        |    51 |    20 ||    71
         Chain mail        |       |    16 ||    16
  Dodge: Dodged            |    40 |    31 ||    71
  Block: Buckler           |    20 |    15 ||    35

Table legend:
 A = Non-vault XP
 B = Vault XP
 C = Vault XP percentage of total XP
 D = Non-vault monster count
 E = Vault monster count
 F = Vault count percentage of total count
                 A         B        C        D         E       F
            +---------+---------+-------+---------+---------+-------
      Total |     139 |      26 |  15.8 |      60 |       7 |  10.4
            +---------+---------+-------+---------+---------+-------
        D:1 |      32 |       0 |   0.0 |      18 |       0 |   0.0
        D:2 |      32 |       0 |   0.0 |      18 |       0 |   0.0
        D:3 |      63 |      26 |  29.2 |      18 |       7 |  28.0
        D:4 |      12 |       0 |   0.0 |       6 |       0 |   0.0
            +---------+---------+-------+---------+---------+-------
